 Dungeon Sprint DCSS version 0.21-a0-442-g848f44b (webtiles) character file.

8 KristoblXynda the Slasher (level 2, 0/26 HPs)
             Began as a Draconian Fighter on Nov 13, 2017.
             Was the Champion of Jiyva.
             Slain by a merfolk
             ... wielding a +1 vampiric trident
              (19 damage)
             ... in the Dungeon (Sprint V: "Ziggurat Sprint").
             The game lasted 00:02:32 (155 turns).

KristoblXynda the Slasher (Draconian Fighter)        Turns: 155, Time: 00:02:33

Health: 0/26       AC:  4    Str: 16    XL:     2   Next: 0%
Magic:  2/2        EV:  6    Int:  7    God:    Jiyva [******]
Gold:   0          SH:  0    Dex: 23    Spells: 1/1 levels left

rFire    + . .     SeeInvis .   a - +9 sword of Zonguldrok {reap}
rCold    . . .     Gourm    .   k - +3 shield
rNeg     . . .     Faith    .   (armour unavailable)
rPois    .         Spirit   .   (helmet restricted)
rElec    +         Reflect  .   (no cloak)
rCorr    +         Harm     .   (no gloves)
MR       .....     NoTele   +   (no boots)
Stlth    ++........             (no amulet)
HPRegen  0.08/turn              y - +6 ring of dexterity
MPRegen  0.08/turn              z - +6 ring of dexterity

@: held
A: unfitting armour, talons 2, fire resistance 1, sense surroundings 1,
electricity resistance, weak 1, eyeballs 1, tendrils, jelly absorbing missiles,
cold-blooded, AC +4
a: Request Jelly, Slimify, Cure Bad Mutation, Renounce Religion


You were in the Dungeon.
You worshipped Jiyva.
Jiyva was exalted by your worship.
You were completely stuffed.

You visited 1 branch

Inventory:

Hand Weapons
 a - the +9 sword of Zonguldrok (weapon) {reap}
   (You found it in the Dungeon)

   If a monster killed with it leaves a corpse in good enough shape, the corpse
   will be animated as a zombie friendly to the killer.
 J - a +5 demon blade
Armour
 k - a +3 shield (worn)
Jewellery
 y - a +6 ring of dexterity (left hand)
 z - a +6 ring of dexterity (right hand)
Wands
 F - a wand of disintegration (7/24)
 G - a wand of iceblast (4/15)
 H - a wand of lightning (5/15)
 I - a wand of acid (4/15)
Scrolls
 j - 4 scrolls of blinking
 p - 4 scrolls of amnesia
 q - 3 scrolls of recharging
 r - 7 scrolls of fog
 s - a scroll of holy word
 t - 5 scrolls of identify
 u - 5 scrolls of remove curse
 v - 2 scrolls of fear
Potions
 b - 2 potions of brilliance
 c - 6 potions of might
 e - 10 potions of curing
 f - 10 potions of heal wounds
 g - 6 potions of haste
 h - 7 potions of magic
 i - 3 potions of berserk rage
 l - 2 potions of invisibility
 m - 4 potions of resistance
 o - 5 potions of agility
Miscellaneous
 E - a lightning rod (4/4)
Comestibles
 d - 5 bread rations
 w - 42 fruits
 x - 4 meat rations


   Skills:
 - Level 3.2 Fighting
 + Level 6.3 Long Blades
 + Level 2.6 Dodging
 + Level 5.2 Shields


You had one spell level left.
You didn't know any spells.

Dungeon Overview and Level Annotations

Branches:
Dungeon (1/1)

Altars:
Ashenzari
Cheibriados
Dithmenos
Elyvilon
Fedhas
Gozag
Hepliaklqana
Kikubaaqudgha
Makhleb
Nemelex Xobeh
Okawaru
Qazlal
Ru
Sif Muna
Trog
Uskayaw
Vehumet
Wu Jian
Xom
Yredelemnul
Zin
The Shining One
Beogh
Jiyva
Lugonu

Annotations:
D 1 transporter


Innate Abilities, Weirdness & Mutations

Your plain brown scales are hard. (AC +4)
You cannot fit into any form of body armour.
You are cold-blooded and may be slowed by cold attacks.
You have razor-sharp toenails.
Your flesh is heat resistant. (rF+)
You passively map a small area around you.
You are resistant to electric shocks. (rElec)
You are weak. (Str -2)
Your body has grown golden eyes which may confuse attackers. (Acc +3)
You are covered in slimy tendrils that may disarm your opponents.
You have a small jelly attached to you that may absorb incoming projectiles.


Message History

The merfolk is moderately wounded.
The iceblast engulfs the merfolk.
The merfolk is lightly wounded.
This wand has 4 charges left.
The merfolk hits you from afar with a trident!
Ouch! That really hurt!
You shudder from the blow and a flood of jellies pours out from you!
You hear a distant slurping noise.
Jiyva appreciates your sacrifice.
You feel a little less hungry.
You feel better.
Unknown command.
Evoke which item? (* to show all) (? for menu, Esc to quit)
Aiming: Corrosive Bolt
Press: ? - help, Shift-Dir - straight line, f/p - merfolk
Aim: a merfolk, wielding a trident (moderately wounded)
The bolt of acid misses the merfolk.
This wand has 4 charges left.
The merfolk completely misses you.
The merfolk hits you from afar with a vampiric trident!!
Ouch! That really hurt!
You die...

*
▓▓▓▓▓▓▓
8
,▓.8©8.▓
▓.....▓
,,
▓.).[.▓
, ,,
▓.mm..▓
▓.J...▓
, , ,
▓J.@..▓
▓▓▓▓▓▓▓
* * ,*
,, , * ,
* , * ,


You could see 2 merfolk and 2 friendly acid blobs.

Vanquished Creatures (others)
  2 jellies (D)
2 creatures vanquished.

Notes
Turn   | Place    | Note
-------+----------+-------------------------------------------
     0 | D        | Found the +6 Majin-Bo {vamp, Archmagi MP+6 Int+6}
     0 | D        | Found the +7 great mace "Firestarter" {inner flame, rF++}
     0 | D        | KristoblXynda the Draconian Fighter began the quest for the Orb.
     0 | D        | Reached XP level 1. HP: 19/19 MP: 1/1
     1 | D        | Found a blossoming altar of Fedhas.
    16 | D        | Found a deep blue altar of Sif Muna.
    16 | D        | Found a sacrificial altar of Ru.
    16 | D        | Found a bloodstained altar of Trog.
    16 | D        | Found a stormy altar of Qazlal.
    16 | D        | Found an iron altar of Okawaru.
    16 | D        | Found a sparkling altar of Nemelex Xobeh.
    18 | D        | Found a transporter.
    18 | D        | Found an ancient bone altar of Kikubaaqudgha.
    18 | D        | Found a viscous altar of Jiyva.
    18 | D        | Found a corrupted altar of Lugonu.
    18 | D        | Found a hazy altar of Hepliaklqana.
    18 | D        | Found a burning altar of Makhleb.
    18 | D        | Found an opulent altar of Gozag.
    51 | D        | Found the +9 heavy crossbow "Sniper" {velocity, Acc+∞ SInv}
    51 | D        | Found the +10 dark maul {crush}
    51 | D        | Found the +15 Maxwell's patent armour {-Cast -Tele rElec MR+ rCorr}
    51 | D        | Found the +18 shield of the Gong {rElec rN+ MR+ EV-5}
    51 | D        | Found the cursed +14 obsidian axe {chop, +Fly SInv *Curse}
    54 | D        | Found the +6 shillelagh "Devastator" {shatter}
    54 | D        | Found the +11 plutonium sword {*Contam Stlth-}
    54 | D        | Found the +9 sword of Zonguldrok {reap}
    54 | D        | Found the cursed +13 scythe of Curses {drain, *Curse}
    54 | D        | Found the +0 sword of Power
    54 | D        | Found the -2 mace of Variability {chaos}
    54 | D        | Found the +7 Singing Sword
    54 | D        | Found the +7 longbow "Piercer" {penet, EV-2}
    63 | D        | Became a worshipper of Jiyva Jutipetu the Shapeless
    68 | D        | Reached * piety under Jiyva
    68 | D        | Reached ** piety under Jiyva
    68 | D        | Reached *** piety under Jiyva
    68 | D        | Gained mutation: You have a pair of small antennae on your head. [Jiyva's grace]
    69 | D        | Reached **** piety under Jiyva
    69 | D        | Lost mutation: You have a pair of small antennae on your head. [Jiyva's grace]
    69 | D        | Reached ***** piety under Jiyva
    69 | D        | Gained mutation: You evolve. [Jiyva's grace]
    71 | D        | Reached ****** piety under Jiyva
    71 | D        | Gained mutation: Your body has grown golden eyes which may confuse attackers. (Acc +3) [Jiyva's grace]
    71 | D        | Gained mutation: Your large and strong wings let you fly indefinitely. [Jiyva's grace]
    72 | D        | Lost mutation: Your large and strong wings let you fly indefinitely. [Jiyva's grace]
    72 | D        | Gained mutation: Your body has grown many golden eyes which may confuse attackers. (Acc +5) [Jiyva's grace]
    72 | D        | Gained mutation: You are resistant to electric shocks. (rElec) [Jiyva's grace]
    72 | D        | Gained mutation: You passively map a small area around you. [Jiyva's grace]
    73 | D        | Reached skill level 6 in Long Blades
    73 | D        | Reached skill level 5 in Shields
    73 | D        | Reached XP level 2. HP: 26/26 MP: 2/2
    75 | D        | Lost mutation: Your body has grown many golden eyes which may confuse attackers. (Acc +5) [Jiyva's grace]
    77 | D        | Gained mutation: You have large cloven feet. [Jiyva's grace]
    77 | D        | Gained mutation: Your magical capacity is low. (-10% MP) [Jiyva's grace]
    77 | D        | Gained mutation: Your rubbery body absorbs attacks. (AC +1, EV +1) [Jiyva's grace]
    77 | D        | Lost mutation: Your body has grown golden eyes which may confuse attackers. (Acc +3) [Jiyva's grace]
    77 | D        | Gained mutation: You are agile. (Dex +2) [Jiyva's grace]
    78 | D        | Lost mutation: You are agile. (Dex +2) [Jiyva's grace]
    79 | D        | Gained mutation: Your system is resistant to poisons. (rPois) [Jiyva's grace]
    79 | D        | Lost mutation: You have large cloven feet. [Jiyva's grace]
    79 | D        | Gained mutation: You have a small jelly attached to you that may absorb incoming projectiles. [Jiyva's grace]
    81 | D        | Lost mutation: You evolve. [Jiyva's grace]
    81 | D        | Gained mutation: You are somewhat resistant to further mutation. [Jiyva's grace]
    85 | D        | Lost mutation: Your magical capacity is low. (-10% MP) [Jiyva's grace]
    93 | D        | Gained mutation: You have sharp toenails. [Jiyva's grace]
    96 | D        | Lost mutation: You passively map a small area around you. [Jiyva's grace]
    98 | D        | Gained mutation: Your flesh is cold resistant. (rC+) [Jiyva's grace]
    98 | D        | Lost mutation: Your flesh is cold resistant. (rC+) [Jiyva's grace]
   102 | D        | Gained mutation: Your pliable body absorbs attacks. (AC +2, EV +2) [Jiyva's grace]
   102 | D        | Gained mutation: Your large and strong wings let you fly indefinitely. [Jiyva's grace]
   103 | D        | Gained mutation: Your muscles are strong. (Str +2) [Jiyva's grace]
   104 | D        | Lost mutation: Your system is resistant to poisons. (rPois) [Jiyva's grace]
   104 | D        | Gained mutation: Armour fits poorly on your pseudopods. [Jiyva's grace]
   104 | D        | Lost mutation: You are somewhat resistant to further mutation. [Jiyva's grace]
   104 | D        | Gained mutation: Your tail ends in a poisonous barb. [Jiyva's grace]
   104 | D        | Gained mutation: You are robust. (+10% HP) [Jiyva's grace]
   104 | D        | Lost mutation: Your pliable body absorbs attacks. (AC +2, EV +2) [Jiyva's grace]
   104 | D        | Lost mutation: Your tail ends in a poisonous barb. [Jiyva's grace]
   104 | D        | Lost mutation: You are robust. (+10% HP) [Jiyva's grace]
   104 | D        | Lost mutation: Your muscles are strong. (Str +2) [Jiyva's grace]
   109 | D        | Gained mutation: Your tail ends in a poisonous barb. [Jiyva's grace]
   112 | D        | Gained mutation: You have razor-sharp toenails. [Jiyva's grace]
   116 | D        | Lost mutation: Your rubbery body absorbs attacks. (AC +1, EV +1) [Jiyva's grace]
   126 | D        | Lost mutation: Your tail ends in a poisonous barb. [Jiyva's grace]
   130 | D        | Lost mutation: You are resistant to electric shocks. (rElec) [Jiyva's grace]
   135 | D        | Gained mutation: You are frail. (-10% HP) [Jiyva's grace]
   135 | D        | Gained mutation: You are covered in slimy tendrils that may disarm your opponents. [Jiyva's grace]
   138 | D        | Lost mutation: You have razor-sharp toenails. [Jiyva's grace]
   138 | D        | Gained mutation: You expend magic power (3 MP) to strengthen your wands. [Jiyva's grace]
   143 | D        | Lost mutation: Armour fits poorly on your pseudopods. [Jiyva's grace]
   146 | D        | Lost mutation: You are frail. (-10% HP) [Jiyva's grace]
   146 | D        | Gained mutation: You are weak. (Str -2) [Jiyva's grace]
   146 | D        | Gained mutation: Your flesh is heat resistant. (rF+) [Jiyva's grace]
   146 | D        | Gained mutation: You passively map a small area around you. [Jiyva's grace]
   146 | D        | Gained mutation: Your body has grown golden eyes which may confuse attackers. (Acc +3) [Jiyva's grace]
   146 | D        | Lost mutation: Your large and strong wings let you fly indefinitely. [Jiyva's grace]
   149 | D        | Gained mutation: You are resistant to electric shocks. (rElec) [Jiyva's grace]
   150 | D        | Lost mutation: You expend magic power (3 MP) to strengthen your wands. [Jiyva's power]
   153 | D        | Entered arena 2.
   153 | D        | Noticed a merfolk
   153 | D        | Noticed a merfolk
   153 | D        | Found a transporter.
   153 | D        | Gained mutation: You have razor-sharp toenails. [Jiyva's grace]
   154 | D        | Found the +3 robe of Clouds {+Fly rElec}
   155 | D        | Slain by a merfolk

Vault maps used:
D:        sprint_v

Skill      XL: |  1 |
---------------+----+-----
Long Blades    | 6 |  6.3
Shields        | 5 |  5.2
Fighting       | |  3.2
Dodging        | |  2.6

Action                   || total
-------------------------++-------
Invok: Request Jelly     ||     1
       Cure Bad Mutation ||     1
Evoke: Wand              ||     2
  Use: Potion            ||     1
Dodge: Dodged            ||     1

Table legend:
 A = Spawn XP
 B = Non-spawn XP
 C = Spawn XP percentage of total XP
 D = Spawn monster count
 E = Non-spawn monster count
 F = Spawn count percentage of total count
 G = Total turns spent on level
                    A         B        C        D         E        F      G
               +---------+---------+-------+---------+---------+-------+---------
         Total |       0 |       0 |   N/A |       0 |       0 |   N/A |   155
               +---------+---------+-------+---------+---------+-------+---------
               +---------+---------+-------+---------+---------+-------+---------
